 Dungeon Crawl Stone Soup version 0.20.2-3-g29329e0561 (webtiles) character file.

317 Alfie the Skirmisher (level 6, -12/55 HPs)
             Began as a Hill Orc Fighter on Mar 7, 2024.
             Killed by divine providence
             ... invoked by an orc priest
              (13 damage)
             ... on level 3 of the Dungeon.
             The game lasted 00:04:52 (2161 turns).

Alfie the Skirmisher (Hill Orc Fighter)             Turns: 2161, Time: 00:04:53

Health: -12/55     AC:  8    Str: 18 (21) XL:     6   Next: 45%
Magic:  6/6        EV:  7    Int:  5 (8)  God:
Gold:   72         SH:  9    Dex:  8 (10) Spells: 5/5 levels left

rFire    . . .     SeeInvis .   g - -2 falchion (curse)
rCold    . . .     Gourm    .   c - +0 shield
rNeg     . . .     Faith    .   b - +0 scale mail
rPois    .         Spirit   .   (no helmet)
rElec    .         Reflect  .   (no cloak)
rCorr    .         Harm     .   (no gloves)
MR       .....                  l - +0 pair of boots
Stlth    ..........             (no amulet)
Regen    0.2/turn               (no ring)
MPRegen  0.1/turn               (no ring)

@: no status effects
A: no striking features
a: Convert to Beogh


You were on level 3 of the Dungeon.
You were hungry.

You visited 1 branch of the dungeon, and saw 3 of its levels.

You collected 72 gold pieces.

Inventory:

Hand Weapons
 a - a +0 rapier
 g - a cursed -2 falchion (weapon)
Armour
 b - a +0 scale mail (worn)
 c - a +0 shield (worn)
 l - a +0 pair of boots (worn)
Scrolls
 h - 2 scrolls of identify
 i - 3 scrolls of teleportation
 p - a scroll of fog {unknown}
 q - a scroll of remove curse
Potions
 m - a potion of brilliance {unknown}
 n - a potion of agility {unknown}
 o - a potion of experience {unknown}
 r - a potion of flight {unknown}
Comestibles
 d - a meat ration
 f - a bread ration


   Skills:
 + Level 4.8 Fighting
 + Level 3.4(3.6) Short Blades
 + Level 1.5(2.9) Long Blades
 + Level 4.5 Armour
 + Level 1.2 Dodging
 + Level 0.3 Stealth
 + Level 4.5 Shields


You had 5 spell levels left.
You didn't know any spells.

Dungeon Overview and Level Annotations

Branches:
Dungeon (3/15)

Altars:

Annotations:
D:3 1 runed door


Message History

Beogh smites you!
* * * LOW HITPOINT WARNING * * *
The orc priest shouts, "Beogh is our master!
Accept the truth or die!"
It was a potion of heal wounds.
You feel much better. The orc priest hits you with a flail.
The orc priest calls down the wrath of Beogh upon you.
Beogh smites you!
* * * LOW HITPOINT WARNING * * *
You closely miss the orc priest.
The orc priest is lightly wounded.
You block the orc priest's attack.
The orc priest calls down the wrath of Beogh upon you.
Beogh smites you!
* * * LOW HITPOINT WARNING * * *
You hit the orc priest but do no damage.
The orc priest is lightly wounded.
The orc priest threatens, "By the altar or by the axe, you will meet Beogh!"
The orc priest mumbles some strange prayers to Beogh against you.
Beogh smites you!
You die...

#.##..(.....## .....
###.##....)...# ##....
##### #...##.........
..#.. #...#####
#.####........## #....#
........###.# #.#......#
...###
....###...#.####.#.......
###.... ....#
#.............. ....
....# #...#.######.# ....
#...# #####.##..@oo# ..##
##.## #....###†# . ##.#
#..### .... #.## ####
..o.... ##.# #.......#
#.## #......## #+#
########


You could see 2 orc priests.

Vanquished Creatures
  Sigmund (D:2)
  2 orc priests (D:3)
  Terence (D:2)
  A gnoll (D:1)
  2 adders (D:2)
  An ooze (D:1)
  A worm (D:2)
  A dart slug (D:1)
  2 leopard geckos
  3 orcs (D:3)
  6 bats
  A giant cockroach (D:1)
  4 goblins
  A hobgoblin (D:1)
  5 kobolds
  2 quokkas (D:2)
  3 ball pythons
  2 frilled lizards
  7 rats
46 creatures vanquished.

Notes
Turn   | Place    | Note
-------+----------+-------------------------------------------
     0 | D:1      | Alfie the Hill Orc Fighter began the quest for the Orb.
     0 | D:1      | Reached XP level 1. HP: 19/19 MP: 1/1
   143 | D:1      | Reached XP level 2. HP: 22/27 MP: 2/2
   714 | D:1      | Reached XP level 3. HP: 24/33 MP: 3/3
  1021 | D:2      | Noticed Sigmund
  1064 | D:2      | Killed Sigmund
  1064 | D:2      | Reached skill level 1 in Dodging
  1064 | D:2      | Reached XP level 4. HP: 2/41 MP: 4/4
  1064 | D:2      | Reached XP level 5. HP: 3/47 MP: 5/5
  1197 | D:2      | Noticed Terence
  1211 | D:2      | Killed Terence
  1258 | D:2      | Found a faded altar of an unknown god.
  1301 | D:2      | Reached XP level 6. HP: 37/53 MP: 6/6
  2102 | D:3      | Found a runed door.
  2149 | D:3      | Reached skill level 1 in Long Blades
  2158 | D:3      | HP: 2/55 [orc priest/divine providence (17)]
  2161 | D:3      | Killed from afar by an orc priest

Skill      XL: |  1  2  3  4  5  6 |
---------------+-------------------+-----
Fighting       | 4 |  4.8
Short Blades   | 3 |  3.4
Armour         | 4 |  4.5
Dodging        | 1 |  1.2
Shields        | 4 |  4.5
Long Blades    | 1 |  1.5
Stealth        | |  0.3

Action                   |  1- 3 |  4- 6 || total
-------------------------+-------+-------++-------
Melee: Rapier            |   106 |    16 ||   122
       Falchion          |       |   146 ||   146
  Use: Scroll            |     2 |       ||     2
       Potion            |     1 |     3 ||     4
  Eat: Royal jelly       |       |     2 ||     2
Armor: Scale mail        |    49 |    58 ||   107
Dodge: Dodged            |    28 |    45 ||    73
Block: Shield            |    54 |    78 ||   132
       Rpst.: Falchion   |       |    17 ||    17
